cohdb
Replays
Latest Replays
All Replays
Popular Replays
Top Player Replays
Match Explorer
How It Works
Community
CoH3 Stats
Reddit
Sign in to upload your games and track your stats! →
Sign in with Steam
Match 43919195
Unlisted
Match 43919195
Overview
Messages
Build Orders
End
Kradschützen Motorcycle Team
Selects Italian Combined Arms Battlegroup
Selects Bersaglieri Squad
Bersaglieri Squad
Bersaglieri Squad
Panzerpioneer Squad
Bersaglieri Squad
Selects Bersaglieri Bolster
Construct Light Support Kompanie
Fire Support Elements
Flakvierling Half-track
Panzerjäger Mechanized Group
Vehicle Survival Package
Selects Semovente da 75/18 Assault Gun
Selects Carro Armato M13/40 Light Tank
MrGlaucus
Discoverer
No.69
Garlic
0
0
Comments
sign in to comment!
No comments posted yet!